 Dungeon Crawl Stone Soup version 0.26.1-11-gd32895ea62 (webtiles) character file.

Game seed: 4875180391270167277

18037 Zeld the Severer (level 12, -1/64 HPs)
             Began as a Gargoyle Berserker on May 27, 2021.
             Was a High Priest of Trog.
             Slain by a ten-headed hydra (5 damage)
             ... on level 13 of the Dungeon.
             The game lasted 00:25:07 (14789 turns).

Zeld the Severer (Gargoyle Berserker)              Turns: 14789, Time: 00:25:07

Health: -1/64      AC: 28    Str: 25    XL:     12   Next: 54%
Magic:  4/4        EV:  7    Int:  9    God:    Trog [*****.]
Gold:   97         SH:  0    Dex:  9    Spells: 11/11 levels left

rFire    . . .     SeeInvis +   a - +5 battleaxe (antimagic)
rCold    . . .     Faith    .   (shield currently unavailable)
rNeg     + . .     Spirit   .   C - +4 plate armour
rPois    ∞         Reflect  .   k - +0 helmet
rElec    +         Harm     .   w - +0 cloak
rCorr    .         Rampage  .   o - +0 pair of gloves
Will     .....                  F - +0 pair of boots
Stlth    ..........             n - amulet of regeneration
HPRegen  0.60/turn              f - ring of see invisible
MPRegen  0.09/turn              (no ring)

@: berserk cooldown, slowed, very slow
A: negative energy resistance 1, electricity resistance, unbreathing,
petrification resistance, miasma immunity, AC +8
a: Renounce Religion, Berserk, Trog's Hand, Brothers in Arms


You were on level 13 of the Dungeon.
You worshipped Trog.
Trog was extremely pleased with you.
You visited 2 branches of the dungeon, and saw 14 of its levels.

You collected 722 gold pieces.
You spent 625 gold pieces at shops.

Inventory:

Hand Weapons
 a - a +5 antimagic battleaxe (weapon)
 b - a +4 battleaxe
Armour
 k - a +0 helmet (worn)
 o - a +0 pair of gloves (worn)
 w - a +0 cloak (worn)
 C - a +4 plate armour (worn)
 F - a +0 pair of boots (worn)
Jewellery
 f - a ring of see invisible (left hand)
 n - an amulet of regeneration (around neck)
Wands
 r - a wand of polymorph (18)
 t - a wand of paralysis (19)
 z - a wand of iceblast (25)
 E - a wand of flame (48)
Scrolls
 e - 6 scrolls of teleportation
 m - 6 scrolls of remove curse
 A - a scroll of identify
 B - a scroll of random uselessness {unknown}
 G - a scroll of torment {unknown}
Potions
 c - 3 potions of flight
 d - 3 potions of lignification {unknown}
 g - a potion of attraction {unknown}
 h - 2 potions of might {unknown}
 i - 9 potions of curing
 l - 3 potions of degeneration {unknown}
 p - 2 potions of haste {unknown}
 q - 3 potions of heal wounds {unknown}
 s - a potion of brilliance {unknown}
 u - a potion of cancellation {unknown}
 v - a potion of resistance {unknown}
 x - a potion of ambrosia {unknown}
 D - a potion of mutation {unknown}


   Skills:
 - Level 3.2 Fighting
 * Level 17.4 Axes
 - Level 2.1 Armour
 - Level 1.5 Dodging


You had 11 spell levels left.
You didn't know any spells.
Your spell library was empty.

Dungeon Overview and Level Annotations

Branches:
Dungeon (13/15)            Temple (1/1) D:6            Lair (0/6) D:9
    Orc (0/2) D:11
 Vaults: D:13-14

Altars:
Ashenzari
Cheibriados
Dithmenos
Elyvilon
Fedhas
Gozag
Hepliaklqana
Kikubaaqudgha
Makhleb
Nemelex Xobeh
Okawaru
Qazlal
Ru
Sif Muna
Trog
Uskayaw
Vehumet
Wu Jian
Xom
Yredelemnul
Zin
The Shining One
Jiyva

Shops:
D:4 }   D:5 *[**?   D:11 }(*=!   D:13 (

Portals:
Ice
Cave: D:13


Innate Abilities, Weirdness & Mutations

You are resistant to torment.
Your stone body is resilient. (AC +8)
You are immune to poison.
You resist negative energy. (rN+)
You are resistant to electric shocks. (rElec)
You can survive without breathing.
You are immune to petrification.
You are immune to miasma.


Message History

The ice beast hits you but does no damage. x3
The shadow slips into darkness.
The shadow flickers and vanishes for a moment.
The ice beast hits you but does no damage. x2
The slime creature quivers.
The ice beast hits you but does no damage.
The ten-headed hydra bites you but does no damage.
The ten-headed hydra bites you.
* * * LOW HITPOINT WARNING * * *
The ten-headed hydra bites you!
* * * LOW HITPOINT WARNING * * *
The ten-headed hydra closely misses you.
The ten-headed hydra bites you but does no damage. x2
The ten-headed hydra completely misses you.
The ten-headed hydra bites you but does no damage. x3
The orc priest hits you but does no damage.
The ice beast hits you but does no damage.
The ten-headed hydra bites you but does no damage. x3
The ten-headed hydra bites you.
You die...

*,,,,,,,,..#####.#..*##.#..#o.
*********#.........♣##.....#.B
#.........<......##.D
#.........J....J..#..
#..........##.....D..
#...Y..e...##.....#o.
#...YY....###.....#..
#..oYDY...# #.....#..
#...@YJo..# #..(..#..
##.?.W..### #.....#.. #......#
#.....#.# ######## #.?.>.,.#
*********


You could see a ten-headed hydra, a large slime creature, a slime creature, a
deep elf mage, 6 ice beasts, a shadow (invisible), an orc priest and an orc.

Vanquished Creatures
  Josephine (D:12)
  2 boulder beetles
  2 two-headed ogres
  The ghost of Zeld the Cruncher, a journeyman OpGl of Okawaru (D:9)
  An unseen horror (D:10)
  2 ugly things
  Pikel (D:9)
  A gargoyle (D:11)
  2 centaur skeletons (D:10)
  3 trolls
  A hornet (D:11)
  Prince Ribbit (D:6)
  3 slime creatures (D:12)
  Sigmund (D:2)
  6 wraiths (D:12)
  8 yaks
  A wyvern (D:10)
  A basilisk (D:12)
  Edmund (D:6)
  A water moccasin (D:9)
  4 orc warriors
  6 black bears
  4 ice beasts
  6 sky beasts
  6 ogres
  2 necrophages
  A wolf (D:9)
  2 phantoms
  2 centaurs (D:9)
  A lemure (D:9)
  2 big kobolds
  7 bullfrogs
  9 scorpions
  A water moccasin skeleton (D:7)
  7 killer bees
  13 wights
  3 electric eels (D:9)
  4 howler monkeys
  2 quasits
  5 hounds
  A bullfrog skeleton (D:10)
  8 jellies
  10 orc priests
  17 orc wizards
  5 iguanas
  13 worker ants
  3 hound skeletons
  A howler monkey zombie (D:11)
  A worker ant zombie (D:7)
  6 gnolls
  8 adders
  A shadow imp (D:5)
  3 white imps
  A howler monkey simulacrum (D:9)
  A worker ant simulacrum (D:9)
  2 ufetubi
  8 oozes
  An adder zombie (D:7)
  A worm (D:4)
  2 dart slugs
  7 leopard geckos
  51 orcs
  A ball python (D:1)
  6 giant cockroaches
  10 goblins
  8 hobgoblins
  11 jackals
  4 quokkas
  7 bats
  4 frilled lizards
  A jackal skeleton (D:6)
  14 kobolds
  A leopard gecko skeleton (D:7)
  A quokka skeleton (D:9)
  6 rats
352 creatures vanquished.

Vanquished Creatures (collateral kills)
  A slime creature (D:9)
  2 jellies (D:9)
3 creatures vanquished.

Vanquished Creatures (others)
  A white imp (D:9)
  30 fungi (D:9)
  22 plants (D:9)
53 creatures vanquished.

Grand Total: 408 creatures vanquished

Notes
Turn   | Place    | Note
-------+----------+-------------------------------------------
     0 | D:1      | Zeld the Gargoyle Berserker began the quest for the Orb.
     0 | D:1      | Reached XP level 1. HP: 14/14 MP: 1/1
    76 | D:1      | Reached skill level 3 in Axes
   406 | D:1      | Reached XP level 2. HP: 19/19 MP: 2/2
   706 | D:1      | Reached XP level 3. HP: 23/23 MP: 3/3
   735 | D:1      | Reached ** piety under Trog
  1644 | D:2      | Reached skill level 4 in Axes
  1658 | D:2      | Found an opulent altar of Gozag.
  1661 | D:2      | Noticed a phantom
  1663 | D:2      | Noticed an ogre
  1664 | D:2      | Found a transporter.
  1678 | D:2      | Found a transporter.
  2177 | D:2      | Noticed Sigmund
  2392 | D:2      | Killed Sigmund
  2393 | D:2      | Reached skill level 5 in Axes
  2393 | D:2      | Reached XP level 4. HP: 28/28 MP: 4/4
  2393 | D:2      | Reached XP level 5. HP: 32/32 MP: 5/5
  2727 | D:2      | Reached XP level 6. HP: 37/37 MP: 6/6
  2838 | D:2      | Reached skill level 6 in Axes
  3027 | D:2      | Killed a phantom
  3028 | D:2      | Reached skill level 7 in Axes
  3028 | D:2      | Reached XP level 7. HP: 41/41 MP: 7/7
  3319 | D:3      | Found a sparkling altar of Nemelex Xobeh.
  3405 | D:3      | Found a radiant altar of Vehumet.
  3580 | D:3      | Found an ancient bone altar of Kikubaaqudgha.
  3736 | D:3      | Reached *** piety under Trog
  4066 | D:4      | Found Otrires's Gadget Boutique.
  4093 | D:4      | Bought a wand of paralysis (11) for 143 gold pieces
  4348 | D:4      | Reached skill level 8 in Axes
  4421 | D:4      | Found a snail-covered altar of Cheibriados.
  4700 | D:5      | Entered Level 5 of the Dungeon
  4700 | D:5      | Found Sengacuc's Antique Armour Emporium.
  4704 | D:5      | Found Ulewyxko's Assorted Antiques.
  4726 | D:5      | Bought a glowing purple potion for 29 gold pieces
  4726 | D:5      | Bought a scroll labelled WALANEIPPU for 33 gold pieces
  4726 | D:5      | Bought a scroll labelled OHUORE EHOFOVIUN for 33 gold
                  | pieces
  4768 | D:5      | Found Zin's Purification Station.
  4773 | D:5      | Found a glowing silver altar of Zin.
  4880 | D:5      | Reached XP level 8. HP: 38/46 MP: 8/8
  4919 | D:5      | Found Addurol's Magic Scroll Boutique.
  5112 | D:5      | Found Ledd's Assorted Antiques.
  5299 | D:5      | Reached skill level 9 in Axes
  5625 | D:5      | Found a hide-covered altar of Uskayaw.
  5832 | D:6      | Found a glowing golden altar of the Shining One.
  6011 | D:6      | Reached **** piety under Trog
  6017 | D:6      | You fall into a shaft and drop 3 floors!
  6017 | D:9      | Found a staircase to the Lair.
  6017 | D:9      | Noticed a yak
  6019 | D:9      | Noticed a yak
  6026 | D:9      | Noticed a yak
  6029 | D:9      | Identified the +10 short sword of Oqan {vorpal, +Inv rPois
                  | Int-3}
  6038 | D:9      | Killed a yak
  6047 | D:9      | Reached skill level 10 in Axes
  6054 | D:9      | Killed a yak
  6055 | D:9      | Reached XP level 9. HP: 51/51 MP: 9/9
  6066 | D:9      | Reached skill level 11 in Axes
  6068 | D:9      | Noticed Pikel
  6178 | D:9      | Found a bloodstained altar of Trog.
  6392 | D:9      | Found a runed translucent gate.
  6392 | D:9      | Found a runed translucent gate.
  6392 | D:9      | Found a runed translucent gate.
  6394 | D:9      | Noticed Zeld's ghost (journeyman OpGl)
  6422 | D:9      | Found a viscous altar of Jiyva.
  6695 | D:7      | Reached skill level 12 in Axes
  6817 | D:7      | Reached ***** piety under Trog
  7084 | D:7      | Noticed a troll
  7093 | D:7      | Killed a troll
  7161 | D:6      | Noticed Prince Ribbit
  7192 | D:6      | Killed Prince Ribbit
  7193 | D:6      | Reached XP level 10. HP: 56/56 MP: 10/10
  7442 | D:6      | Found a staircase to the Ecumenical Temple.
  7446 | D:6      | Noticed Edmund
  7458 | D:6      | Killed Edmund
  7571 | D:5      | Bought a cloak for 121 gold pieces
  7969 | Temple   | Entered the Ecumenical Temple
  8582 | D:7      | Reached skill level 13 in Axes
  8806 | D:7      | Found a broken altar of Ashenzari.
  9493 | D:8      | Received a gift from Trog
  9531 | D:8      | Found an iron altar of Okawaru.
  9638 | D:8      | Noticed a two-headed ogre
  9652 | D:8      | Killed a two-headed ogre
  9872 | D:8      | Reached skill level 14 in Axes
 10215 | D:8      | Found a hazy altar of Hepliaklqana.
 10388 | D:9      | Killed Pikel
 11417 | D:9      | Reached XP level 11. HP: 60/60 MP: 3/11
 11944 | D:5      | Bought a pair of gloves for 130 gold pieces
 12211 | D:9      | Killed Zeld's ghost
 12268 | D:10     | Entered Level 10 of the Dungeon
 12287 | D:10     | Reached skill level 15 in Axes
 12362 | D:10     | Noticed a green ugly thing
 12383 | D:10     | Killed a green ugly thing
 12413 | D:10     | Noticed an unseen horror
 12420 | D:10     | Killed an unseen horror
 13041 | D:11     | Received a gift from Trog
 13303 | D:11     | Found a staircase to the Orcish Mines.
 13304 | D:11     | Found Foablowa's Distillery.
 13305 | D:11     | Found Qaonomnihit's Jewellery Shop.
 13312 | D:11     | Bought a potion of curing for 45 gold pieces
 13312 | D:11     | Bought a potion of curing for 45 gold pieces
 13529 | D:11     | Found Evamec's Gadget Shop.
 13536 | D:11     | Found Pool's Weapon Shoppe.
 13555 | D:11     | Found Fielie's Assorted Antiques.
 13568 | D:11     | Reached skill level 16 in Axes
 13569 | D:11     | Bought 2 metallic black potions for 46 gold pieces
 13931 | D:12     | Noticed a two-headed ogre
 13942 | D:12     | Killed a two-headed ogre
 14021 | D:12     | Noticed a boulder beetle
 14031 | D:12     | Killed a boulder beetle
 14032 | D:12     | Reached XP level 12. HP: 64/64 MP: 4/12
 14310 | D:12     | Noticed Josephine
 14316 | D:12     | Reached skill level 17 in Axes
 14328 | D:12     | Killed Josephine
 14731 | D:13     | Noticed a boulder beetle
 14731 | D:13     | Noticed an eight-headed hydra
 14750 | D:13     | Noticed a boulder beetle
 14766 | D:13     | Killed a boulder beetle
 14773 | D:13     | Found a frozen archway.
 14777 | D:13     | Found Jiasaeff's Weapon Emporium.
 14789 | D:13     | Slain by a ten-headed hydra

Illustrated notes

Levels and vault maps discovered:
D:1:      dpeg_arrival_round_a, layout_basic, lemuel_old_faithful
D:2:      layout_loops_corners, gammafunk_temple_overflow_arena, uniq_sigmund
D:3:      layout_basic, nicolae_overflow_crystal_walls, old_standard_altar,
          old_standard_altar
D:4:      layout_gridville, lemuel_round_altar, serial_shops, shop,
          chequers_mini_garden, chequers_serial_rivers_micro_b
D:5:      layout_loops_cross, zin_purify, kennysheep_mini, serial_shops, shop,
          nicolae_shop_waterfront, nicolae_shop_overgrown_old_shop, shop_statue
D:6:      layout_layer_cave, lemuel_round_altar, minmay_temple_entry_grid,
          uniq_prince_ribbit1, uniq_edmund
D:7:      layout_basic, ashenzari_altar_1
D:8:      layout_rooms, okawaru_metal_pillars_1_2,
          lemuel_coloured_pillars_altar, hangedman_little_slice_of_home
D:9:      layout_roguey, due_lair_maze_entry_diamond, serial_ice, serial_ice_m,
          serial_ice_g, serial_ice_f, serial_ice_k, gammafunk_ghost_ooze,
          trog_ov_bears_minmay, uniq_pikel
D:10:     layout_cave_pools, statue_in_the_mist_lemuel, minmay_fractal_squares_5
D:11:     layout_irregular_city, orc_0_dummy, serial_shops, shop, shop, shop,
          shop, shop_statue
D:12:     layout_roguey, uniq_josephine
D:13:     layout_basic, serial_shops, nicolae_shop_trees,
          portal_ice_cave_entry_ice_beasts, kennysheep_generic_room_7
Temple:   minmay_temple_curvy_loop

Skill      XL: |  1  2  3  4  5  6  7  8  9 10 11 12 |
---------------+-------------------------------------+-----
Axes           | 3 5 7 8 10 12 14 16 17 | 17.4
Fighting       | |  3.2
Armour         | |  2.1
Dodging        | |  1.5

Action                   |  1- 3 |  4- 6 |  7- 9 | 10-12 || total
-------------------------+-------+-------+-------+-------++-------
Melee: Hand axe          |   124 |    54 |   636 |   245 ||  1059
       Battleaxe         |       |       |       |   432 ||   432
       Unarmed           |       |       |       |     1 ||     1
Invok: Berserk           |     2 |     2 |     6 |    10 ||    20
       Brothers in Arms  |       |       |       |     3 ||     3
Evoke: Wand              |       |       |       |     7 ||     7
  Use: Scroll            |       |       |    12 |    16 ||    28
       Potion            |       |       |       |     1 ||     1
 Stab: Paralysed         |       |       |       |     3 ||     3
       Fleeing           |       |       |       |     1 ||     1
Armor: Skin              |     4 |       |       |     2 ||     6
       Plate armour      |    97 |    49 |   505 |   508 ||  1159
Dodge: Dodged            |    63 |    28 |   187 |   205 ||   483
